cohdb
Replays
Latest Replays
All Replays
Popular Replays
Top Player Replays
Match Explorer
How It Works
Community
CoH3 Stats
Reddit
Sign in to upload your games and track your stats! →
Sign in with Steam
Match 43173594
Unlisted
Match 43173594
Overview
Messages
Build Orders
End
Kradschützen Motorcycle Team
Panzergrenadier Squad
Panzergrenadier Squad
Panzergrenadier Squad
Panzergrenadier Squad
Construct Light Support Kompanie
Fire Support Elements
2.5-tonne Medical Truck
Veteran Squad Leaders
Construct Panzerarmee Kommand
Armored Reserves
Tungsten Core Ammunition
Panzer IV Assault Group
Selects Armored Support Battlegroup
Selects Salvage Kits
Selects Panzer Storm
Selects Veteran Gunners
Emergency Repair Kits
Panzer III L Medium Tank
Selects Stuka Anti-tank Loiter
Rapid Advance
Panzer IV Assault Group
Selects Flammpanzer III Medium Tank
Panzer III L Medium Tank
S-T-E-V-E-N
PrivatePinguin
matrix4x4
Bagaevets
koop90131
tactics
待兼福來
vihn
0
0
Comments
sign in to comment!
No comments posted yet!